 Dungeon Crawl Stone Soup version 0.26.1-10-gdfb7c7de75 (webtiles) character file.

Game seed: 8784645181415340961

19903 septik the Grappler (level 12, -5/130 HPs)
             Began as a Troll Wanderer on Apr 1, 2021.
             Was the Champion of Wu Jian.
             Slain by a harpy (13 damage)
             ... summoned by Kirke
             ... on level 12 of the Dungeon.
             The game lasted 01:04:12 (15450 turns).

septik the Grappler (Troll Wanderer)               Turns: 15450, Time: 01:04:13

Health: -5/130     AC:  0    Str: 24    XL:     12   Next: 40%
Magic:  12/12      EV: 14    Int:  9    God:    Wu Jian [******]
Gold:   652        SH:  0    Dex: 11    Spells: 12/13 levels left

rFire    . . .     SeeInvis .     - Unarmed
rCold    . . .     Faith    +   (shield currently unavailable)
rNeg     . . .     Spirit   .   (armour currently unavailable)
rPois    .         Reflect  .   (helmet currently unavailable)
rElec    .         Harm     .   (cloak currently unavailable)
rCorr    .         Rampage  .   (gloves unavailable)
Will     .....                  (boots unavailable)
Stlth    ++........             g - amulet of faith
HPRegen  0.71/turn              (ring currently unavailable)
MPRegen  0.13/turn              (ring currently unavailable)

@: pig-form, very quick
A: small, unfitting armour, regeneration 1
a: Renounce Religion, Wall Jump, Serpent's Lash, Heavenly Storm


You were on level 12 of the Dungeon.
You worshipped Wu Jian.
Wu Jian was exalted by your worship.
You were a filthy swine.
You visited 1 branch of the dungeon, and saw 12 of its levels.
You also visited: Sewer and Ossuary.

You collected 845 gold pieces.
You spent 193 gold pieces at shops.

Inventory:

Missiles
 e - 147 poisoned darts
 i - 480 stones
 k - 5 datura-tipped darts
 v - 5 large rocks (quivered)
 z - 12 boomerangs
 D - 85 sling bullets
 T - 3 silver boomerangs
Armour
 n - a +1 kite shield
 y - a +2 robe of willpower (melded)
 L - a +2 robe of positive energy
 W - a +0 tower shield (melded)
Jewellery
 g - an amulet of faith (around neck)
 A - a ring of stealth (melded)
 B - a +4 ring of protection (melded)
 J - an uncursed ring of ice
 O - an uncursed ring of fire
 V - the ring "Zukic" {rCorr Int+5, unknown}
   (You found it on level 12 of the Dungeon)

   [ring of resist corrosion]

   It affects your intelligence (+5).
   It provides partial protection from all sources of acid and corrosion.
Wands
 c - a wand of paralysis (7)
 G - a wand of acid (11)
 N - a wand of disintegration (29)
 R - a wand of iceblast (6)
 S - a wand of polymorph (9)
Scrolls
 d - 3 scrolls of noise
 f - 4 scrolls of immolation
 o - 7 scrolls of teleportation
 q - 3 scrolls of blinking
 u - 6 scrolls of enchant armour
 w - 5 scrolls of amnesia
 x - 2 scrolls of vulnerability
 E - 5 scrolls of remove curse
 I - a scroll of holy word {unknown}
 K - 11 scrolls of identify
 Q - a scroll of magic mapping
 U - a scroll of silence
 X - a scroll of fog
Potions
 a - 2 potions of resistance
 b - a potion of lignification
 h - 2 potions of haste
 j - 7 potions of magic
 l - 6 potions of might
 m - a potion of mutation {unknown}
 p - 5 potions of degeneration {unknown}
 r - 5 potions of curing {unknown}
 s - 2 potions of heal wounds {unknown}
 t - 6 potions of flight {unknown}
 C - 6 potions of berserk rage {unknown}
 F - 2 potions of attraction {unknown}
 H - 3 potions of brilliance {unknown}
 M - 2 potions of cancellation {unknown}
 P - a potion of ambrosia {unknown}


   Skills:
 - Level 11.0 Fighting
 - Level 1.0 Throwing
 - Level 1.1 Dodging
 - Level 4.0 Stealth
 - Level 1.0 Shields
 + Level 14.5 Unarmed Combat
 - Level 1.2 Spellcasting
 - Level 1.0 Hexes


You had 12 spell levels left.
You knew the following spells:

 Your Spells              Type           Power        Failure   Level
a - Magic Dart            Conj           0%           36%         1

Your spell library contained the following spells:

 Spells                   Type           Power        Failure   Level
 Slow                     Hex            2%           36%         2
 Blink                    Tloc           N/A          50%         2
 Call Imp                 Summ           0%           50%         2
 Conjure Flame            Conj/Fire      0%           73%         3
 Mephitic Cloud           Conj/Pois/Air  0%           73%         3


Dungeon Overview and Level Annotations

Branches:
Dungeon (12/15)            Temple (0/1) D:4            Lair (0/6) D:8
    Orc (0/2) D:11          Sewer (visited)         Ossuary (visited)

Altars:
Cheibriados
Elyvilon
Hepliaklqana
Nemelex Xobeh
Okawaru
Trog
Vehumet
Wu Jian
Xom

Shops:
D:5 (   D:6 *

Annotations:
D:12 Kirke


Innate Abilities, Weirdness & Mutations

You are too large for most types of armour.
((You have claws for hands.))
Your natural rate of healing is unusually fast.
((You are covered in fur. (AC +1)))
((You have extremely tough skin. (AC +3)))


Message History

Your +2 robe of willpower melds into your body.
Your ring of stealth melds into your body.
Your +4 ring of protection melds into your body.
You feel less strong-willed.
You barely miss something. The hog misses you. The hog bites you! x2
* * * LOW HITPOINT WARNING * * *
The harpy misses you. The harpy claws you.
* * * LOW HITPOINT WARNING * * *
You barely miss something. The hog bites you!
* * * LOW HITPOINT WARNING * * *
The hog closely misses you.
You hear some strange, mumbled words.
You feel a momentary urge to oink. The hog bites you.
* * * LOW HITPOINT WARNING * * *
The harpy misses you. x2; The harpy closely misses you.
The harpy claws you.
* * * LOW HITPOINT WARNING * * *
You closely miss something. The harpy closely misses you. The harpy claws you!
* * * LOW HITPOINT WARNING * * *
The harpy claws you!
You die...

#..#####.# ######.###
...# #.# #........ .##
#.# #........ #..
#.......# ##########..
#.......# #...........
#.......# ##.#########.
##.....hH####..# #.
#......{hH....## #.
#...((.hh##.#.##### #.
#.(.....k...#.....### ##)
.....############...###..
..... ###...... ....
#####.. ... #.> ### ###


You could see a lindwurm (summoned), 2 harpies and 3 hogs.

Vanquished Creatures
  Josephine (D:12)
  A boulder beetle (D:12)
  Erolcha (D:9)
  4 two-headed ogres
  4 skeletal warriors (D:11)
  Pikel (D:7)
  An ugly thing (D:11)
  The ghost of ZZKoverts the Covert, a novice SpEn of Nemelex Xobeh (D:6)
  A komodo dragon (D:12)
  3 trolls
  Prince Ribbit (D:7)
  3 slime creatures (D:12)
  4 wyverns
  5 wraiths
  6 yaks (D:11)
  2 hogs (D:12)
  3 water moccasins
  An ice beast (D:7)
  4 sky beasts
  8 orc warriors
  4 black bears
  A necrophage (D:7)
  An eye of draining (D:10)
  2 phantoms
  7 ogres
  7 centaurs
  7 big kobolds
  2 lemures (D:7)
  2 elf zombies (Ossuary)
  9 bullfrogs
  3 gnoll sergeants (D:11)
  3 scorpions
  2 wyvern skeletons
  4 killer bees (D:9)
  4 wights (D:10)
  4 howler monkeys
  A quasit (D:10)
  3 bullfrog zombies
  A centaur zombie (Ossuary)
  8 hounds
  4 jellies
  A bullfrog skeleton (D:6)
  3 centaur skeletons
  8 orc priests
  13 orc wizards
  Jessica (D:3)
  2 iguanas
  9 worker ants
  3 hound skeletons
  2 mummies (Ossuary)
  2 worker ant zombies
  8 gnolls
  13 adders
  4 river rats (D:7)
  3 shadow imps
  2 white imps
  2 ufetubi
  3 oozes
  3 adder zombies
  4 worms
  3 dart slugs (D:1)
  8 leopard geckos
  59 orcs
  3 ball pythons
  8 giant cockroaches
  11 goblins
  4 hobgoblins
  14 jackals
  7 quokkas
  A ball python zombie (D:5)
  11 bats
  8 frilled lizards
  14 hobgoblin zombies (Ossuary)
  A jackal skeleton (D:5)
  23 kobolds
  9 kobold zombies (Ossuary)
  A leopard gecko skeleton (D:4)
  8 orc zombies (Ossuary)
  A quokka skeleton (D:5)
  7 rats
  2 rat zombies (Ossuary)
423 creatures vanquished.

Vanquished Creatures (others)
  A wizard (D:7)
  10 fungi
  84 plants
95 creatures vanquished.

Grand Total: 518 creatures vanquished

Notes
Turn   | Place    | Note
-------+----------+-------------------------------------------
     0 | D:1      | septik the Troll Wanderer began the quest for the Orb.
     0 | D:1      | septik set off with the following items: a +0 club, a
                  | potion of lignification, a +0 robe; and the following spell
                  | memorised: Magic Dart; and the following spells available
                  | to memorise: Slow, Blink, Call Imp, Conjure Flame, Mephitic
                  | Cloud
     0 | D:1      | Reached XP level 1. HP: 19/19 MP: 1/1
   130 | D:1      | Reached XP level 2. HP: 27/27 MP: 2/2
   555 | D:1      | Reached XP level 3. HP: 33/33 MP: 3/3
   919 | D:2      | Reached skill level 4 in Unarmed Combat
   942 | D:2      | Reached XP level 4. HP: 42/42 MP: 4/4
  1238 | D:2      | Found an ornate altar of the Wu Jian Council.
  1243 | D:2      | Noticed a spectral centipede
  1243 | D:2      | Noticed a spectral black mamba
  1243 | D:2      | Noticed a spectral cane toad
  1244 | D:2      | Became a worshipper of the Wu Jian Council
  1547 | D:3      | Noticed Jessica
  1563 | D:3      | Killed Jessica
  1568 | D:3      | Reached XP level 5. HP: 50/50 MP: 5/5
  1574 | D:3      | Found a glowing drain.
  1578 | Sewer    | Entered a sewer
  1658 | Sewer    | Reached * piety under Wu Jian
  2400 | D:3      | Found a faded altar of an unknown god.
  2508 | D:3      | Reached skill level 1 in Stealth
  2513 | D:3      | Reached XP level 6. HP: 59/61 MP: 6/6
  2602 | D:3      | Reached ** piety under Wu Jian
  2852 | D:4      | Reached skill level 5 in Unarmed Combat
  2925 | D:4      | Found a bloodstained altar of Trog.
  2927 | D:4      | Found a white marble altar of Elyvilon.
  3059 | D:4      | Got a twisted mace
  3174 | D:4      | Identified the cursed +3 mace "Killer Klown's Doom" {drain,
                  | rC- Will+ Str+6 SInv} (You found it on level 4 of the
                  | Dungeon)
  3293 | D:4      | Reached skill level 6 in Unarmed Combat
  3293 | D:4      | Reached XP level 7. HP: 66/67 MP: 7/7
  3929 | D:4      | Found a staircase to the Ecumenical Temple.
  4192 | D:5      | Entered Level 5 of the Dungeon
  4429 | D:5      | Reached skill level 7 in Unarmed Combat
  4672 | D:5      | Reached skill level 8 in Unarmed Combat
  4764 | D:5      | Found Xaqiawk's Antique Weapon Boutique.
  4831 | D:5      | Reached XP level 8. HP: 68/75 MP: 8/8
  4996 | D:5      | Reached skill level 9 in Unarmed Combat
  5383 | D:6      | Found Wurhyj's Assorted Antiques.
  5530 | D:6      | Found a sand-covered staircase.
  5534 | Ossuary  | Entered an ossuary
  5542 | Ossuary  | Reached *** piety under Wu Jian
  5637 | Ossuary  | Reached skill level 10 in Unarmed Combat
  5883 | D:6      | Found a shimmering altar of Xom.
  6047 | D:6      | Found a runed translucent gate.
  6047 | D:6      | Found a runed translucent gate.
  6047 | D:6      | Found a runed translucent gate.
  6048 | D:6      | Noticed ZZKoverts's ghost (novice SpEn)
  6064 | D:6      | Killed ZZKoverts's ghost
  6065 | D:6      | Reached XP level 9. HP: 81/81 MP: 9/9
  6066 | D:6      | Found a sparkling altar of Nemelex Xobeh.
  6129 | D:6      | Found a hazy altar of Hepliaklqana.
  6194 | D:6      | Reached skill level 11 in Unarmed Combat
  6344 | D:6      | Bought a fuming black potion for 25 gold pieces
  6344 | D:6      | Bought a scroll labelled VUSAEPIOCI for 28 gold pieces
  6344 | D:6      | Bought a notched bone ring for 140 gold pieces
  6936 | D:7      | Found a snail-covered altar of Cheibriados.
  6966 | D:7      | Reached **** piety under Wu Jian
  7080 | D:7      | Found an iron altar of Okawaru.
  7437 | D:7      | Noticed Prince Ribbit
  7446 | D:7      | Killed Prince Ribbit
  7447 | D:7      | Reached skill level 12 in Unarmed Combat
  7510 | D:7      | Noticed Pikel
  7536 | D:7      | Killed Pikel
  7655 | D:7      | Reached skill level 13 in Unarmed Combat
  7788 | D:7      | Found a bloodstained altar of Trog.
  7792 | D:7      | Noticed a wizard
  7796 | D:7      | Killed a wizard
  8289 | D:8      | Reached XP level 10. HP: 90/91 MP: 10/10
  8680 | D:8      | Found a radiant altar of Vehumet.
  8835 | D:8      | Found a staircase to the Lair.
  9349 | D:9      | Reached ***** piety under Wu Jian
  9874 | D:9      | Noticed Erolcha
  9884 | D:9      | Killed Erolcha
  9885 | D:9      | Reached skill level 5 in Fighting
 10152 | D:10     | Entered Level 10 of the Dungeon
 10753 | D:10     | Reached XP level 11. HP: 105/105 MP: 11/11
 11519 | D:11     | Noticed a two-headed ogre
 11597 | D:11     | Killed a two-headed ogre
 11681 | D:11     | Noticed a cyan ugly thing
 11692 | D:11     | Killed a cyan ugly thing
 11761 | D:11     | Noticed a two-headed ogre
 12009 | D:11     | Killed a two-headed ogre
 12197 | D:11     | Found a staircase to the Orcish Mines.
 12310 | D:11     | Reached ****** piety under Wu Jian
 12421 | D:11     | Found a white marble altar of Elyvilon.
 12563 | D:12     | Noticed a skeletal warrior
 12563 | D:12     | Noticed a skeletal warrior
 12563 | D:12     | Noticed a skeletal warrior
 13214 | D:11     | Killed a skeletal warrior
 13307 | D:11     | Killed a skeletal warrior
 13408 | D:12     | Noticed a skeletal warrior
 13452 | D:11     | Killed a skeletal warrior
 13453 | D:11     | Reached skill level 10 in Fighting
 13581 | D:12     | Noticed Josephine
 13588 | D:11     | Killed a skeletal warrior
 13627 | D:12     | Noticed a two-headed ogre
 13639 | D:12     | Killed Josephine
 13640 | D:12     | Reached XP level 12. HP: 97/128 MP: 12/12
 13758 | D:11     | Killed a two-headed ogre
 13935 | D:12     | Got a transparent marble ring
 14199 | D:12     | Noticed a boulder beetle
 15011 | D:12     | Killed a boulder beetle
 15012 | D:12     | Reached skill level 14 in Unarmed Combat
 15198 | D:12     | Noticed a two-headed ogre
 15206 | D:12     | Killed a two-headed ogre
 15437 | D:12     | Noticed Kirke
 15450 | D:12     | Slain by a harpy

Illustrated notes

Levels and vault maps discovered:
D:1:      tarquinn_simple_flora_water_f, layout_loops_ring, st_stairs_13,
          minmay_misc_feat_four_crosses
D:2:      layout_rooms, pdpol_wu_jian_five_deadly_venoms
D:3:      layout_basic, serial_rivers, chequers_serial_rivers_small_b,
          chequers_serial_rivers_marsh, chequers_serial_rivers_micro_d,
          chequers_serial_rivers_room_b, chequers_serial_rivers_marsh,
          chequers_serial_rivers_room_b, chequers_ecumenical_altar_lobes,
          gup_sewer_entry_bowl, uniq_jessica
D:4:      minmay_recursive_quarters, layout_basic,
          chequers_temple_overflow_statue_of_worship,
          minmay_temple_entry_stoned_glass, serial_aquarium,
          aquarium_bridge_long_separate [aquarium_subvault_window,
          aquarium_subvault_bridge, aquarium_subvault_bridge,
          aquarium_subvault_window, aquarium_subvault_bridge,
          aquarium_subvault_wall], aquarium_bridge_square
          [aquarium_subvault_wall, aquarium_subvault_wall,
          aquarium_subvault_bridge, aquarium_subvault_bridge],
          aquarium_window_3, aquarium_window_fake, aquarium_window_1,
          aquarium_window_fake, aquarium_view_2e
D:5:      layout_loops_corners, serial_shops, shop
D:6:      layout_layer_cave, nicolae_overflow_hidden_temple,
          ebering_ghost_rock_garden, serial_shops, shop_coins,
          nicolae_ossuary_entry_plus, hangedman_glass_teeth,
          hangedman_feature_mirror
D:7:      wad_woods_stonehenge, layout_loops_ring, old_standard_altar,
          trog_wizard, uniq_pikel, uniq_prince_ribbit1
D:8:      layout_basic, lemuel_doored_altar, grunt_lair_entry_orc_guard_hut
D:9:      layout_basic, uniq_erolcha
D:10:     layout_roguey, minmay_misc_feat_doors, chequers_serial_rivers_micro_a
D:11:     layout_long_grid, kennysheep_orc_monster_closet_entryway, basic_altar
D:12:     layout_rooms, serial_shops, nicolae_shop_crystal, uniq_kirke,
          uniq_josephine

Skill      XL: |  1  2  3  4  5  6  7  8  9 10 11 12 |
---------------+-------------------------------------+-----
Fighting       | 2 3 6 10 11 | 11.0
Unarmed Combat | 4 6 8 10 13 14 | 14.5
Stealth        | 1 2 4 |  4.0
Throwing       | |  1.0
Dodging        | |  1.1
Shields        | |  1.0
Spellcasting   | |  1.2
Hexes          | |  1.0

Action                   |  1- 3 |  4- 6 |  7- 9 | 10-12 || total
-------------------------+-------+-------+-------+-------++-------
Melee: Unarmed           |    98 |   205 |   402 |   652 ||  1357
Throw: Dart              |       |     5 |       |       ||     5
       Stone             |       |       |    24 |    26 ||    50
       Large rock        |       |       |       |     5 ||     5
Invok: Lunge             |       |    19 |    40 |    83 ||   142
       Whirlwind         |       |     5 |    57 |    57 ||   119
 Abil: Wall Jump         |       |       |       |    33 ||    33
  Use: Scroll            |       |     7 |    14 |     1 ||    22
 Stab: Sleeping          |     2 |     2 |     5 |    15 ||    24
Armor: Robe              |    49 |    74 |   106 |   154 ||   383
Dodge: Dodged            |    42 |    50 |    59 |   121 ||   272
Block: Kite shield       |    14 |   100 |   115 |   174 ||   403
       Tower shield      |       |       |       |    40 ||    40
